 Dungeon Crawl Stone Soup version 0.30-b1-2-g02819fbbbe (webtiles) character file.

Game seed: 8220601641990867099

2340 rolhand the Conjurer (level 9, -4/64 HPs)
             Began as a Human Conjurer on July 31, 2023.
             Was a Follower of Sif Muna.
             Hit by a stone thrown by an orc warrior (8 damage)
             ... in a bailey on Aug 1, 2023.
             The game lasted 02:59:01 (7853 turns).

rolhand the Conjurer (Human Conjurer)               Turns: 7853, Time: 02:59:02

Health: -4/64      AC: 11    Str:  9    XL:     9   Next: 70%
Magic:  0/16       EV: 14    Int: 20    God:    Sif Muna [*.....]
Gold:   884        SH:  0    Dex: 13    Spells: 12/18 levels left

rFire   . . .        H - +3 dagger (protect)
rCold   . . .        (no shield)
rNeg    . . .        G - +0 steam dragon scales
rPois   .            (no helmet)
rElec   .            (no cloak)
rCorr   .            m - +0 pair of gloves
SInv    .            E - +0 pair of boots
Will    +....        o - amulet of guardian spirit
Stlth   ++           n - +4 ring of protection
HPRegen 0.30/turn    p - ring of willpower
MPRegen 0.15/turn

%: guardian spirit
@: no status effects
A: no striking features
a: Renounce Religion, Channel Magic


You were in a bailey.
You worshipped Sif Muna.
Sif Muna was aware of your devotion.
You visited 1 branch of the dungeon, and saw 8 of its levels.
You also visited: Bailey.

You collected 884 gold pieces.

Inventory:

Hand Weapons
 c - a +0 shortbow
 h - a +1 dagger of draining
 y - a +0 flail
 H - a +3 dagger of protection (weapon)
Missiles
 v - 17 boomerangs (quivered)
Armour
 m - a +0 pair of gloves (worn)
 x - a +0 robe
 E - a +0 pair of boots (worn)
 G - +0 steam dragon scales (worn)
Jewellery
 n - a +4 ring of protection (left hand)
 o - an amulet of guardian spirit (around neck)
 p - a ring of willpower (right hand)
Wands
 C - a wand of iceblast (14)
Scrolls
 d - a scroll of amnesia {unknown}
 g - 2 scrolls of noise {unknown}
 i - a scroll of brand weapon {unknown}
 j - 4 scrolls of teleportation
 k - 2 scrolls of blinking {unknown}
 l - a scroll of identify {unknown}
 r - 2 scrolls of fog {unknown}
 w - 2 scrolls of enchant armour {unknown}
 B - a scroll of poison {unknown}
 D - a scroll of magic mapping {unknown}
 F - a scroll of immolation {unknown}
Potions
 a - 4 potions of brilliance
 b - a potion of magic
 e - a potion of heal wounds {unknown}
 f - a potion of resistance {unknown}
 q - 2 potions of haste
 s - a potion of ambrosia
 t - a potion of attraction {unknown}
 u - a potion of lignification {unknown}
 A - a potion of might {unknown}


   Skills:
 + Level 3.4 Fighting
 + Level 4.9 Short Blades
 + Level 1.0 Maces & Flails
 + Level 1.0 Ranged Weapons
 + Level 2.4 Throwing
 + Level 1.1 Armour
 + Level 5.4 Dodging
 + Level 3.6 Stealth
 + Level 5.1 Spellcasting
 + Level 6.4 Conjurations
 + Level 0.5 Ice Magic
 + Level 2.8 Invocations


You had 12 spell levels left.
You knew the following spells:

 Your Spells              Type           Power      Damage    Failure   Level
a - Magic Dart            Conj           100%       1d8       1%          1
b - Hailstorm             Conj/Ice       19%        3d6       9%          3
c - Searing Ray           Conj           60%        2d6       1%          2

Your spell library contained the following spells:

 Spells                   Type           Power      Damage    Failure   Level
 Dazzling Flash           Conj/Hex       36%        N/A       9%          3
 Cigotuvi's Dreadful Rot  Necr/Pois/Air  10%        N/A       17%         2
 Lesser Beckoning         Tloc           10%        N/A       17%         2
 Fulminant Prism          Conj/Hex       9%         3d7       30%         4
 Iskenderun's Mystic Bla  Conj/Tloc      18%        2d6       30%         4
 Gell's Gravitas          Tloc           5%         N/A       34%         3
 Ignite Poison            Fire/Tmut/Pois 5%         N/A       34%         3
 Summon Guardian Golem    Hex/Summ       5%         N/A       34%         3
 Teleport Other           Tloc           5%         N/A       34%         3
 Ice Form                 Ice/Tmut       6%         N/A       71%         4
 Freezing Cloud           Conj/Ice/Air   7%         6-21      77%         5
 Simulacrum               Ice/Necr       3%         N/A       100%        6
 Orb of Destruction       Conj           15%        9d7       100%        7
 Spellforged Servitor     Conj/Summ      9%         N/A       100%        7


Dungeon Overview and Level Annotations

Branches:
Dungeon (8/15)             Bailey (1/1)
 Temple: D:4-7         Lair: D:8-11

Altars:
Ashenzari
Gozag
Hepliaklqana
Kikubaaqudgha
Sif Muna
Trog
Uskayaw
Vehumet
Yredelemnul


Message History

The orc warrior is severely wounded.
The orc warrior closely misses you.
Hit: H) +3 dagger (protect)
Press: ? - help, Dir - move target, f/p - orc warrior
Aim: an orc warrior, wielding a +0 broad axe, wearing a +0 scale mail and quivering stones (severely wounded, heavily drained, about 38% to evade your +3 dagger of protection)
You hit the orc warrior.
The orc warrior is severely wounded.
The orc warrior seems less drained.
The orc warrior hits you with a +0 broad axe!
* * * LOW HITPOINT WARNING * * *
Hit: H) +3 dagger (protect)
Press: ? - help, Dir - move target, p - orc warrior You swing at nothing.
The orc warrior hits you with a +0 broad axe.
* * * LOW HITPOINT WARNING * * *
The orc warrior attacks as you move away!
The orc warrior misses you.
The orc warrior throws a stone.
The stone closely misses you.
You enter the shallow water.
Moving in this stuff is going to be slow.
The orc warrior throws a stone.
The stone hits you but does no damage.
The orc warrior throws a stone.
The stone hits you.
* * * LOW HITPOINT WARNING * * *
The orc warrior throws a stone.
The stone closely misses you.
There is an open gate here.
An orc warrior is nearby!
Casting: Searing Ray (safe; 1% risk of failure)
Confirm with . or Enter, or press ? or * to list all spells.
Aiming: Magic Dart (safe; 1% risk of failure)
Press: ? - help, Shift-Dir - straight line, f - orc warrior
Aim: an orc warrior, wielding a +0 broad axe, wearing a +0 scale mail and quivering stones (severely wounded, 100% to hit)
The magic dart hits the orc warrior but does no damage.
The orc warrior is severely wounded.
The orc warrior throws a stone.
The stone hits you.
* * * LOW HITPOINT WARNING * * *
As you read the scroll labelled DAR MOPANAST, it crumbles to dust.
You feel strangely unstable.
It was a scroll of teleportation.
As you read the scroll of teleportation, it crumbles to dust.
You feel strangely stable.
The orc warrior throws a stone.
The stone hits you!
You die...

####### ##.....##
#.).∩...# #.......#
##).∩.@## ##)''##
#().# #...# #..o#
####(..####
##~..(....~##
#####~~.......~~#####
#....~~.......~~....#


You could see an orc warrior.

Vanquished Creatures
  A steam dragon (D:6)
  3 black bears
  2 water moccasins
  2 orc warriors (Bailey)
  An ice beast (D:7)
  An ogre (D:5)
  2 centaurs
  5 kobold brigands (Bailey)
  2 bullfrogs
  3 scorpions
  A jelly (D:5)
  6 hounds
  A sleepcap (D:4)
  Jessica (D:2)
  3 iguanas
  4 gnolls (D:4)
  8 adders
  A white imp (D:4)
  An ufetubus (D:4)
  2 worms
  A dart slug (D:2)
  18 orcs
  8 ball pythons
  3 bats
  An endoplasm (D:4)
  7 giant cockroaches
  8 hobgoblins
  7 jackals (D:1)
  5 quokkas
  3 frilled lizards
  9 goblins
  15 kobolds
  5 rats
140 creatures vanquished.

Vanquished Creatures (others)
  25 plants (D:8)
25 creatures vanquished.

Grand Total: 165 creatures vanquished

Notes
Turn   | Place    | Note
-------+----------+-------------------------------------------
     0 | D:1      | rolhand the Human Conjurer began the quest for the Orb.
     0 | D:1      | Reached XP level 1. HP: 13/13 MP: 3/3
   228 | D:1      | Reached XP level 2. HP: 6/19 MP: 0/5
   658 | D:1      | Reached XP level 3. HP: 18/24 MP: 4/6
   749 | D:1      | Found a faded altar of an unknown god.
   770 | D:1      | Prayed at the altar of an unknown god.
   770 | D:1      | Became a worshipper of Uskayaw the Reveller
   770 | D:1      | Reached * piety under Uskayaw
  1185 | D:2      | Noticed Jessica
  1192 | D:2      | Killed Jessica
  1193 | D:2      | Reached XP level 4. HP: 30/30 MP: 5/7
  1325 | D:2      | Learned a level 3 spell: Hailstorm
  1607 | D:2      | Reached skill level 1 in Maces & Flails
  1704 | D:2      | Reached skill level 1 in Short Blades
  1735 | D:2      | Reached ** piety under Uskayaw
  1736 | D:2      | Reached XP level 5. HP: 35/35 MP: 3/8
  2351 | D:3      | Found a shimmering blue altar of Sif Muna.
  2351 | D:3      | Found a bloodstained altar of Trog.
  2356 | D:3      | Found a broken altar of Ashenzari.
  2359 | D:3      | Found a basalt altar of Yredelemnul.
  2360 | D:3      | Found an opulent altar of Gozag.
  2363 | D:3      | Found a radiant altar of Vehumet.
  2365 | D:3      | Found an ancient bone altar of Kikubaaqudgha.
  2389 | D:3      | Fell from the grace of Uskayaw
  2389 | D:3      | Became a worshipper of Sif Muna the Loreminder
  2638 | D:4      | Reached skill level 1 in Armour
  2726 | D:4      | Reached XP level 6. HP: 35/42 MP: 2/9
  3334 | D:4      | Noticed a black bear
  3454 | D:4      | Learned a level 2 spell: Searing Ray
  3550 | D:4      | Killed a black bear
  3551 | D:4      | Reached skill level 1 in Fighting
  3551 | D:4      | Reached XP level 7. HP: 47/48 MP: 2/11
  3839 | D:5      | Entered Level 5 of the Dungeon
  3879 | D:5      | Reached skill level 1 in Throwing
  3889 | D:5      | Reached skill level 5 in Conjurations
  3996 | D:5      | Reached * piety under Sif Muna
  4078 | D:5      | Reached XP level 8. HP: 15/54 MP: 0/13
  4786 | D:5      | Found a hazy altar of Hepliaklqana.
  5551 | D:6      | Reached skill level 1 in Invocations
  5754 | D:6      | Reached skill level 1 in Ranged Weapons
  5759 | D:6      | HP: 2/57 [poisoned by a water moccasin]
  6269 | D:6      | Reached XP level 9. HP: 16/62 MP: 1/15
  6586 | D:6      | Was forgiven by Uskayaw
  7207 | D:7      | Reached skill level 6 in Conjurations
  7243 | D:7      | Reached skill level 5 in Dodging
  7279 | D:7      | Found a flagged portal.
  7300 | Bailey   | Entered a bailey
  7483 | Bailey   | Identified the +6 chain mail of Ojicuor {Rampage rF+ Str-5
                  | Int+9}
  7784 | Bailey   | Reached skill level 5 in Spellcasting
  7832 | Bailey   | HP: 3/64 [orc warrior/+0 broad axe (2)]
  7843 | Bailey   | HP: 3/64 [orc warrior/stone (4)]
  7853 | Bailey   | Hit by a stone thrown by an orc warrior

Illustrated notes

Levels and vault maps discovered:
D:1:      nicolae_arrival_washed_ashore, layout_loops_ring,
          hellmonk_ecumenical_altar_dog_temple
D:2:      layout_basic, minmay_tripent, uniq_jessica
D:3:      layout_rooms, nicolae_overflow_hallway_of_the_gods, chequers_garden
D:4:      minmay_general_purpose_star, layout_cave_pods
D:5:      layout_loops_ring, mainiacjoe_overflow_24_doors
D:6:      layout_basic
D:7:      layout_gridville, minmay_temple_entry_arrows, enter_bailey_4
D:8:      layout_loops_ring, lair_entry_dummy, serial_bayou,
          serial_bayou_pond_e, serial_bayou_crossing, serial_bayou_pond_c,
          uniq_maggie
Bailey:   bailey_axe_3, bailey

Skill      XL: |  1  2  3  4  5  6  7  8  9 |
---------------+----------------------------+-----
Maces & Flails | 1 |  1.0
Short Blades   | 1 2 3 4 |  4.9
Armour         | 1 |  1.1
Dodging        | 3 4 5 |  5.4
Spellcasting   | 3 4 5 |  5.1
Fighting       | 1 2 3 |  3.4
Throwing       | 1 2 |  2.4
Conjurations   | 5 6 |  6.4
Invocations    | 2 |  2.8
Stealth        | 3 |  3.6
Ranged Weapons | 1 |  1.0
Ice Magic      | |  0.5

Action                     |  1- 3 |  4- 6 |  7- 9 || total
---------------------------+-------+-------+-------++-------
  Melee: Whip              |    19 |       |       ||    19
         Unarmed           |     1 |       |       ||     1
         Dagger            |    21 |   127 |   119 ||   267
         Flail             |       |     6 |       ||     6
         Punch             |       |     1 |     3 ||     4
   Fire: Shortbow          |       |       |     2 ||     2
  Throw: Stone             |     2 |     3 |       ||     5
         Boomerang         |       |     8 |    13 ||    21
   Cast: Magic Dart        |    34 |    43 |     6 ||    83
         Hailstorm         |       |     1 |       ||     1
         Searing Ray       |       |     1 |    61 ||    62
 Invoke: Channel Magic     |       |       |     4 ||     4
    Use: Potion            |       |       |     6 ||     6
         Scroll            |       |       |     2 ||     2
   Stab: Sleeping          |     1 |     3 |       ||     4
 Armour: Robe              |     7 |    24 |    44 ||    75
         Leather armour    |     9 |    13 |       ||    22
         Steam dragon scal |       |       |    40 ||    40
  Dodge: Dodged            |    28 |    72 |   196 ||   296
